 Dungeon Crawl Stone Soup version 0.20.0-8-g6b59dc7 (webtiles) character file.

1126 anfisbena the Conjurer (level 8, -4/61 HPs)
             Began as a Gargoyle Fire Elementalist on May 31, 2017.
             Slain by Duvessa
             ... wielding a +2 rapier of venom
              (18 damage)
             ... in the Ecumenical Temple.
             The game lasted 00:07:29 (6440 turns).

anfisbena the Conjurer (Gargoyle Fire Elementalist) Turns: 6440, Time: 00:07:30

Health: -4/61      AC: 13    Str: 15 (18) XL:     8   Next: 35%
Magic:  11/11      EV: 11    Int: 17 (20) God:
Gold:   185        SH:  0    Dex:  6 (10) Spells: 3/11 levels left

rFire    . . .     SeeInvis .   u - +3 quarterstaff (chaos)
rCold    . . .     Gourm    .   (shield currently unavailable)
rNeg     + . .     Faith    .   a - +0 robe
rPois    ∞         Spirit   .   J - +2 helmet {Int+3}
rElec    +         Reflect  .   t - +2 cloak {MR+}
rCorr    .         Harm     .   (no gloves)
MR       +....                  (no boots)
Stlth    ..........             F - amulet of rage
Regen    0.2/turn               (no ring)
MPRegen  0.2/turn               (no ring)

@: berserking, very quick
A: negative energy resistance 1, electricity resistance, unbreathing,
petrification resistance, rot immunity, AC +5
a: Evoke Berserk Rage


You were in the Ecumenical Temple.
You were very hungry.

You visited 2 branches of the dungeon, and saw 8 of its levels.

You collected 185 gold pieces.

Inventory:

Hand Weapons
 k - a +1 short sword of venom
 u - a +3 quarterstaff of chaos (weapon)
Armour
 a - a +0 robe (worn)
 t - a +2 cloak of magic resistance (worn)
 J - a +2 helmet of intelligence (worn)
Jewellery
 F - an amulet of rage (around neck)
Wands
 q - a wand of confusion (26/48)
 x - a wand of polymorph (8/24)
 y - a wand of confusion (12/48)
 B - a wand of clouds (4/9)
 D - a wand of iceblast (10/15)
 E - a wand of confusion (20/48)
Scrolls
 d - 4 scrolls of teleportation
 e - 2 scrolls of fog {unknown}
 f - 4 scrolls of magic mapping {unknown}
 g - a scroll of random uselessness {unknown}
 i - 3 scrolls of identify {unknown}
 l - 2 scrolls of enchant weapon {unknown}
 m - 2 scrolls of remove curse {unknown}
 s - 2 scrolls of enchant armour {unknown}
 v - 2 scrolls of recharging {unknown}
 C - 2 scrolls of amnesia {unknown}
 H - a scroll of noise {unknown}
Potions
 h - a potion of experience {unknown}
 j - a potion of flight {unknown}
 o - 2 potions of brilliance
 p - a potion of cancellation {unknown}
 w - 2 potions of curing
 z - a potion of invisibility {unknown}
 A - 2 potions of degeneration
Books
 b - a book of Flames

   Spells                             Type                      Level
   a - Flame Tongue                   Conjuration/Fire             1
   b - Throw Flame                    Conjuration/Fire             2
   c - Conjure Flame                  Conjuration/Fire             3
   d - Inner Flame                    Hexes/Fire                   3
   e - Sticky Flame                   Conjuration/Fire             4
   f - Fireball                       Conjuration/Fire             5
 I - a book of Minor Magic

   Spells                             Type                      Level
   a - Magic Dart                     Conjuration                  1
   b - Blink                          Translocation                2
   c - Call Imp                       Summoning                    2
   d - Slow                           Hexes                        2
   e - Conjure Flame                  Conjuration/Fire             3
   f - Mephitic Cloud                 Conjuration/Poison/Air       3
Comestibles
 c - 4 bread rations
 n - 2 royal jellies
 r - 7 fruits
 G - a meat ration
 K - 2 chunks of flesh


   Skills:
 - Level 1.5 Dodging
 - Level 2.1 Stealth
 - Level 2.0 Spellcasting
 + Level 7.5 Conjurations
 + Level 7.3 Fire Magic


You had 3 spell levels left.
You knew the following spells:

 Your Spells              Type           Power        Failure   Level  Hunger
a - Flame Tongue          Conj/Fire      ####.        1%          1    #......
b - Sticky Flame          Conj/Fire      ####....     9%          4    #####..
c - Conjure Flame         Conj/Fire      ####....     2%          3    ###....


Dungeon Overview and Level Annotations

Branches:
Dungeon (7/15)             Temple (1/1) D:7

Altars:
Dithmenos
Fedhas
Kikubaaqudgha
Makhleb
Nemelex Xobeh
Qazlal
Trog
Uskayaw
Yredelemnul
Zin

Shops:
D:4 =

Annotations:
D:6 Soyweiser's ghost, novice MfSk
Temple Dowan; Duvessa


Innate Abilities, Weirdness & Mutations

You are resistant to torment.
Your stone body is resilient. (AC +5)
You are immune to poison.
You resist negative energy. (rN+)
You are resistant to electric shocks. (rElec)
You can survive without breathing.
You are immune to petrification.
You are immune to rotting.


Message History

A red film seems to cover your vision as you go berserk!
You feel yourself moving faster!
You feel mighty!
You are feeling very hungry.
Duvessa hits you with a rapier of venom!
* * * LOW HITPOINT WARNING * * *
Dowan hits you but does no damage. Duvessa hits you but does no damage.
You hit Duvessa.
You feel better.
Duvessa is lightly wounded.
Duvessa hits you with a rapier of venom.
* * * LOW HITPOINT WARNING * * *
Dowan closely misses you.
You hit Duvessa.
Duvessa goes berserk!
Duvessa is moderately wounded.
Duvessa hits you with a rapier of venom.
* * * LOW HITPOINT WARNING * * *
Dowan barely misses you.
You completely miss Duvessa.
Duvessa is moderately wounded.
Duvessa hits you with a rapier of venom!!
You die...

......._......§
._.............
...............
...............
...............
...............
...............
_......ee....._
.......@.......
...............
...............
...............
§..............
§............_§
......._.......
§§._.8...8._..≈


You could see Duvessa (berserk) and Dowan.

Vanquished Creatures
  2 centaurs
  2 ogres
  A phantom (D:4)
  A bullfrog (D:3)
  A scorpion (D:4)
  2 howler monkeys
  A crimson imp (D:6)
  Crazy Yiuf (D:2)
  An orc priest (D:5)
  A bullfrog skeleton (D:6)
  4 hounds
  An iguana (D:4)
  Natasha (D:4)
  2 worker ants (D:4)
  A hound skeleton (D:4)
  8 adders
  An ooze (D:6)
  2 worms
  3 dart slugs
  5 leopard geckos
  14 orcs
  2 ball pythons
  9 bats
  6 giant cockroaches
  6 goblins
  8 hobgoblins
  A quokka (D:3)
  7 frilled lizards
  A jackal skeleton (D:6)
  7 kobolds
  A rat (D:3)
  2 fungi (D:2)
105 creatures vanquished.

Notes
Turn   | Place    | Note
-------+----------+-------------------------------------------
     0 | D:1      | anfisbena the Gargoyle Fire Elementalist began the quest for the Orb.
     0 | D:1      | Reached XP level 1. HP: 10/10 MP: 3/3
   475 | D:1      | Reached XP level 2. HP: 13/15 MP: 0/5
   920 | D:1      | You fall through a shaft!
  1017 | D:2      | Reached XP level 3. HP: 12/19 MP: 1/6
  2057 | D:2      | Reached XP level 4. HP: 18/24 MP: 2/7
  2362 | D:2      | Found a burning altar of Makhleb.
  2773 | D:2      | Found a runed door.
  2783 | D:2      | Learned a level 4 spell: Sticky Flame
  2783 | D:2      | Noticed Crazy Yiuf
  2788 | D:2      | Killed Crazy Yiuf
  2972 | D:3      | Reached XP level 5. HP: 28/28 MP: 4/8
  2980 | D:3      | Noticed a centaur
  3173 | D:3      | Noticed a water elemental
  3175 | D:3      | Found a stormy altar of Qazlal.
  3176 | D:3      | Noticed an air elemental
  3176 | D:3      | Noticed a fire elemental
  3234 | D:3      | Killed a centaur
  3234 | D:3      | Reached skill level 5 in Fire Magic
  3234 | D:3      | Reached XP level 6. HP: 4/32 MP: 1/9
  3831 | D:3      | Reached skill level 5 in Conjurations
  4020 | D:3      | Found a basalt altar of Yredelemnul.
  4419 | D:4      | Found Gasias's Jewellery Boutique.
  4473 | D:4      | Reached XP level 7. HP: 36/36 MP: 5/10
  4478 | D:4      | Learned a level 3 spell: Conjure Flame
  5388 | D:4      | Noticed Natasha
  5393 | D:4      | Killed Natasha
  5481 | D:5      | Entered Level 5 of the Dungeon
  5553 | D:5      | Reached XP level 8. HP: 34/41 MP: 2/11
  6396 | D:6      | Found a bloodstained altar of Trog.
  6402 | D:6      | Noticed Soyweiser's ghost (novice MfSk)
  6408 | D:7      | Found a staircase to the Ecumenical Temple.
  6414 | D:7      | Noticed Dowan
  6415 | D:7      | Noticed Duvessa
  6432 | Temple   | Entered the Ecumenical Temple
  6440 | Temple   | Slain by Duvessa

Skill      XL: |  1  2  3  4  5  6  7  8 |
---------------+-------------------------+-----
Conjurations   | 2 3 4 5 6 7 |  7.5
Fire Magic     | 4 5 6 7 |  7.3
Dodging        | |  1.5
Stealth        | |  2.1
Spellcasting   | |  2.0

Action                   |  1- 3 |  4- 6 |  7- 9 || total
-------------------------+-------+-------+-------++-------
Melee: Unarmed           |    36 |       |       ||    36
       Short sword       |    41 |    42 |       ||    83
       Quarterstaff      |       |    47 |    45 ||    92
 Cast: Flame Tongue      |    43 |    47 |    70 ||   160
       Sticky Flame      |       |     1 |       ||     1
 Abil: Evoke Berserk Rag |       |       |     1 ||     1
  Use: Potion            |       |     1 |     2 ||     3
       Scroll            |       |       |     1 ||     1
 Stab: Sleeping          |     2 |     5 |     1 ||     8
       Paralysed         |       |     2 |       ||     2
  Eat: Chunk             |     4 |     8 |     8 ||    20
Armor: Robe              |    48 |    32 |    70 ||   150
Dodge: Dodged            |    98 |    42 |    74 ||   214
